 Dungeon Sprint DCSS version 0.27-a0-1347-gd8886f0a89 (webtiles) character file.

Game seed: 12575517974988119313

68004 mhtbhm the Archmage (level 14, -12/72 HPs)
             Began as a Deep Elf Earth Elementalist on June 28, 2021.
             Was the Champion of Vehumet.
             Mangled by a lorocyproca (23 damage)
             ... in the Dungeon (Sprint VII: "The Pits").
             The game lasted 00:16:36 (4975 turns).

mhtbhm the Archmage (Deep Elf Earth Elementalist)   Turns: 4975, Time: 00:16:37

Health: -12/72     AC: 16    Str:  5    XL:     14   Next: 85%
Magic:  24/47      EV: 20    Int: 26    God:    Vehumet [******]
Gold:   46         SH:  0    Dex: 18    Spells: 0/67 levels left

rFire    + . .     SeeInvis .   l - +2 scimitar of the Heavens {flame, rCorr}
rCold    + . .     Faith    .   (no shield)
rNeg     . . .     Spirit   .   b - +2 robe {rC+ rF+}
rPois    .         Reflect  .   J - +2 hat
rElec    .         Harm     .   a - +1 cloak {Stlth+}
rCorr    +         Rampage  .   H - +2 pair of gloves {Dex+3}
Will     +....     NoTele   +   r - +1 pair of boots {Stlth+}
Stlth    ++++++....             (no amulet)
HPRegen  0.22/turn              m - +3 ring of evasion
MPRegen  0.30/turn              n - +3 ring of protection

@: studying Throwing
A: no striking features
a: Renounce Religion


You were in the Dungeon.
You worshipped Vehumet.
Vehumet was exalted by your worship.
You visited 1 branch You collected 46 gold pieces.

Inventory:

Hand Weapons
 l - the +2 scimitar of the Heavens (weapon) {flame, rCorr}
   (You found it in the Dungeon)

   It has been specially enchanted to burn those struck by it, causing extra
   injury to most foes and up to half again as much damage against particularly
   susceptible opponents.
   Big, fiery blades are also staple armaments of hydra-hunters.
   rCorr:     It protects you from acid and corrosion.
Missiles
 i - 11 stones
 t - 5 boomerangs of dispersal
 C - a curare-tipped dart
 F - 3 silver javelins
Armour
 a - a +1 cloak of stealth (worn)
 b - a +2 robe of resistance (worn)
 r - a +1 pair of boots of stealth (worn)
 s - +8 gold dragon scales
 H - a +2 pair of gloves of dexterity (worn)
 J - a +2 hat (worn)
Jewellery
 m - a +3 ring of evasion (left hand)
 n - a +3 ring of protection (right hand)
 z - a ring of protection from cold
 A - a ring of ice
 I - a ring of see invisible
Scrolls
 e - a scroll of fog
 h - 4 scrolls of blinking
 j - 3 scrolls of amnesia
 k - a scroll of summoning
 u - 2 scrolls of enchant weapon
 w - 4 scrolls of identify
 y - a scroll of fear
Potions
 c - 9 potions of curing
 d - 16 potions of heal wounds
 f - 2 potions of magic
 g - 5 potions of berserk rage
 o - 3 potions of might
 p - a potion of brilliance
 q - a potion of mutation
 x - a potion of resistance
 B - a potion of cancellation
Miscellaneous
 v - a phial of floods
 D - a lightning rod (4/4)
 E - a box of beasts
 G - a tin of tremorstones (2/2)


   Skills:
 + Level 2.8 Fighting
 + Level 1.2 Long Blades
 + Level 7.9 Dodging
 + Level 7.6 Stealth
 O Level 27 Spellcasting
 + Level 9.8 Conjurations
 + Level 2.5 Transmutations
 * Level 19.6 Fire Magic
 O Level 27 Earth Magic
 + Level 3.3 Evocations


You couldn't memorise any spells.
You knew the following spells:

 Your Spells              Type           Power      Damage    Failure   Level
a - Sandblast             Erth           100%       2d20      0%          1
b - Fire Storm            Conj/Fire      42%        8d11      43%         9
c - Stone Arrow           Conj/Erth      100%       3d13      0%          3
d - Lee's Rapid Deconstr  Erth           54%        3d26*     0%          5
e - Petrify               Tmut/Erth      84%        N/A       1%          4
f - Spellforged Servitor  Conj/Summ      28%        N/A       24%         7
g - Ignition              Fire           47%        3d13      1%          8
h - Orb of Destruction    Conj           36%        9d13      3%          7
i - Iron Shot             Conj/Erth      46%        9d9       1%          6
j - Lehudib's Crystal Sp  Conj/Erth      46%        10d11     1%          8
l - Shatter               Erth           54%        3d41*     1%          9

Your spell library contained the following spells:

 Spells                   Type           Power      Damage    Failure   Level
 Polar Vortex             Ice            17%        N/A       100%        9
 Passwall                 Tmut/Erth      70%        N/A       0%          2
 Animate Skeleton         Necr           70%        N/A       1%          1
 Pain                     Necr           100%       1d9       1%          1
 Sting                    Tmut/Pois      100%       1d8       1%          1
 Summon Small Mammal      Summ           100%       N/A       1%          1
 Poisonous Vapours        Pois/Air       70%        N/A       1%          2
 Ignite Poison            Fire/Tmut/Pois 65%        N/A       1%          3
 Mephitic Cloud           Conj/Pois/Air  51%        N/A       1%          3
 Vampiric Draining        Necr           17%        2d8       2%          3
 Olgreb's Toxic Radiance  Pois           35%        N/A       2%          4
 Animate Dead             Necr           17%        N/A       8%          4
 Summon Ice Beast         Ice/Summ       35%        N/A       8%          4
 Summon Lightning Spire   Summ/Air       35%        N/A       8%          4
 Agony                    Necr           35%        N/A       22%         5
 Summon Hydra             Summ           17%        N/A       100%        7
 Discord                  Hex            17%        N/A       100%        8


Dungeon Overview and Level Annotations

Branches:
Dungeon (1/1)

Altars:
Ashenzari
Cheibriados
Dithmenos
Elyvilon
Fedhas
Gozag
Hepliaklqana
Kikubaaqudgha
Makhleb
Nemelex Xobeh
Okawaru
Qazlal
Ru
Sif Muna
Trog
Uskayaw
Vehumet
Wu Jian
Xom
Yredelemnul
Zin
The Shining One
Beogh
Jiyva
Lugonu


Message History

The blast of metal fragments hits the storm dragon!
You kill the storm dragon!
Vehumet accepts your kill.
You feel your power returning.
The blast of metal fragments hits the necrophage!!!
You destroy the necrophage!
Vehumet accepts your kill.
You feel your power returning. Something closely misses you.
Unknown command.
Casting: Lee's Rapid Deconstruction (safe; 0% risk of failure)
Confirm with . or Enter, or press ? or * to list all spells.
Aiming: Lee's Rapid Deconstruction (safe; 0% risk of failure)
Press: ? - help, Dir - move target A metal wall.
The metal wall shatters!
The blast of metal fragments hits the necrophage!!!
You destroy the necrophage!
Vehumet accepts your kill.
You feel your power returning.
The blast of metal fragments hits the ghoul!!
The ghoul is almost destroyed.
Something hits you!!
* * * LOW HITPOINT WARNING * * *
You feel your power leaking away.
Deactivating autopickup; reactivate with Ctrl-A.
Casting: Lee's Rapid Deconstruction (safe; 0% risk of failure)
Confirm with . or Enter, or press ? or * to list all spells.
Aiming: Lee's Rapid Deconstruction (safe; 0% risk of failure)
Press: ? - help, Dir - move target A metal wall.
The metal wall shatters!
The blast of metal fragments hits the ghoul!!!
You destroy the ghoul!
Vehumet accepts your kill.
You feel your power returning.
The blast of metal fragments hits the necrophage!!!
You destroy the necrophage!
Vehumet accepts your kill. Something hits you!!
You die...

##.##
...
..†
#†#
#'#
#.#
#)#
#.#
#@#
#.#
#'#
#.#
#'#
#.#
#'#
#.#
#'#


There were no monsters in sight!

Vanquished Creatures
  An ancient lich (D)
  Margery (D)
  A curse toe (D)
  A pearl dragon (D)
  A bone dragon (D)
  A sphinx (D)
  A storm dragon (D)
  A deep elf sorcerer (D)
  A ghost moth (D)
  2 orc warlords (D)
  A ghoul (D)
  A red draconian (D)
  An eidolon (D)
  2 yaktaur captains (D)
  2 vault guards (D)
  4 naga warriors (D)
  A boulder beetle (D)
  An ogre mage (D)
  A centaur warrior (D)
  2 death yaks (D)
  5 two-headed ogres (D)
  2 vampire magi (D)
  2 shadow wraiths (D)
  3 deep elf knights (D)
  5 skeletal warriors (D)
  A sea snake (D)
  A deep troll (D)
  A spriggan druid (D)
  2 flayed ghosts (D)
  A wizard (D)
  A phantasmal warrior (D)
  A necromancer (D)
  3 deep elf pyromancers (D)
  2 deep elf zephyrmancers (D)
  8 orc knights (D)
  Pikel (D)
  2 elephants (D)
  A manticore (D)
  A rust devil (D)
  A smoke demon (D)
  2 naga magi (D)
  A molten gargoyle (D)
  6 yaktaurs (D)
  4 demonic crawlers (D)
  A rime drake (D)
  2 guardian mummies (D)
  A jumping spider (D)
  A merfolk (D)
  2 trolls (D)
  A wandering mushroom (D)
  A wind drake (D)
  A flying skull (D)
  2 shadows (D)
  A tarantella (D)
  2 redbacks (D)
  2 spriggans (D)
  2 ynoxinuls (D)
  A fire bat (D)
  A golden eye (D)
  Grum (D)
  A chaos spawn (D)
  4 vampire mosquitoes (D)
  2 nagas (D)
  A water moccasin (D)
  A swamp drake (D)
  3 floating eyes (D)
  4 necrophages (D)
  An ogre (D)
  A sky beast (D)
  4 wolves (D)
  4 centaurs (D)
  A lemure (D)
  A kobold brigand (D)
  An earth elemental (D)
  2 hounds (D)
  2 orc priests (D)
  An iron imp (D)
  Terence (D)
  2 orc wizards (D)
  An adder (D)
  A river rat (D)
  2 adder skeletons (D)
  11 orcs (D)
  2 ball pythons (D)
  A bat (D)
  A bat zombie (D)
  A giant cockroach (D)
  3 goblins (D)
  A hobgoblin (D)
  3 jackals (D)
  A quokka (D)
  A ball python simulacrum (D)
  2 ball python skeletons (D)
  A rat (D)
175 creatures vanquished.

Notes
Turn   | Place    | Note
-------+----------+-------------------------------------------
     0 | D        | mhtbhm the Deep Elf Earth Elementalist began the quest for
                  | the Orb.
     0 | D        | Reached XP level 1. HP: 10/10 MP: 6/6
    35 | D        | Found a bloodstained altar of Trog.
    35 | D        | Found a shimmering blue altar of Sif Muna.
    35 | D        | Found a viscous altar of Jiyva.
    35 | D        | Found a hazy altar of Hepliaklqana.
    35 | D        | Found an opulent altar of Gozag.
    36 | D        | Found a glowing golden altar of the Shining One.
    36 | D        | Found a glowing silver altar of Zin.
    36 | D        | Found a basalt altar of Yredelemnul.
    36 | D        | Found a shimmering altar of Xom.
    36 | D        | Found an ornate altar of the Wu Jian Council.
    36 | D        | Found a sacrificial altar of Ru.
    36 | D        | Found a stormy altar of Qazlal.
    36 | D        | Found an iron altar of Okawaru.
    36 | D        | Found a sparkling altar of Nemelex Xobeh.
    36 | D        | Found a burning altar of Makhleb.
    36 | D        | Found a blossoming altar of Fedhas.
    36 | D        | Found a white marble altar of Elyvilon.
    36 | D        | Found a shadowy altar of Dithmenos.
    36 | D        | Found a snail-covered altar of Cheibriados.
    38 | D        | Found a radiant altar of Vehumet.
    38 | D        | Found a corrupted altar of Lugonu.
    39 | D        | Found a hide-covered altar of Uskayaw.
    39 | D        | Found an ancient bone altar of Kikubaaqudgha.
    39 | D        | Found a broken altar of Ashenzari.
    48 | D        | Became a worshipper of Vehumet
   100 | D        | Reached * piety under Vehumet
   100 | D        | Offered knowledge of Foxfire by Vehumet.
   102 | D        | Reached XP level 2. HP: 12/15 MP: 0/8
   175 | D        | Learned a level 2 spell: Passwall
   186 | D        | Reached skill level 5 in Earth Magic
   193 | D        | Reached ** piety under Vehumet
   362 | D        | Offered knowledge of Poisonous Vapours by Vehumet.
   459 | D        | Noticed a centaur
   461 | D        | Noticed a floating eye
   461 | D        | Noticed a flying skull
   464 | D        | Reached *** piety under Vehumet
   468 | D        | Killed a centaur
   469 | D        | Reached XP level 3. HP: 9/20 MP: 7/13
   469 | D        | Reached XP level 4. HP: 11/24 MP: 8/15
   469 | D        | Killed a floating eye
   470 | D        | Reached skill level 1 in Fighting
   470 | D        | Reached XP level 5. HP: 14/29 MP: 7/18
   471 | D        | Reached **** piety under Vehumet
   637 | D        | Learned a level 3 spell: Stone Arrow
   643 | D        | Learned a level 5 spell: Lee's Rapid Deconstruction
   648 | D        | Learned a level 4 spell: Petrify
   651 | D        | Killed a flying skull
   651 | D        | Offered knowledge of Static Discharge by Vehumet.
   652 | D        | Reached skill level 5 in Dodging
   652 | D        | Reached XP level 6. HP: 35/35 MP: 11/22
   774 | D        | Noticed a death yak
   778 | D        | Killed a death yak
   779 | D        | Reached XP level 7. HP: 16/40 MP: 8/26
   779 | D        | Reached XP level 8. HP: 19/45 MP: 8/28
   955 | D        | Noticed Pikel
   957 | D        | Offered knowledge of Mephitic Cloud by Vehumet.
   957 | D        | Killed Pikel
   957 | D        | Reached ***** piety under Vehumet
   958 | D        | Reached skill level 15 in Spellcasting
  1111 | D        | Offered knowledge of Bolt of Magma by Vehumet.
  1229 | D        | Got the +2 scimitar of the Heavens {flame, rCorr}
  1295 | D        | Noticed an elephant
  1295 | D        | Noticed a troll
  1296 | D        | Killed a troll
  1296 | D        | Offered knowledge of Fulminant Prism by Vehumet.
  1300 | D        | Killed an elephant
  1301 | D        | Reached skill level 15 in Earth Magic
  1301 | D        | Reached XP level 9. HP: 49/49 MP: 16/32
  1379 | D        | Noticed a manticore
  1380 | D        | Noticed a spriggan druid
  1381 | D        | Killed a manticore
  1382 | D        | Reached skill level 5 in Stealth
  1383 | D        | Killed a spriggan druid
  1384 | D        | Noticed an elephant
  1386 | D        | Killed an elephant
  1390 | D        | Reached XP level 10. HP: 54/54 MP: 4/35
  1408 | D        | Noticed a sea snake
  1535 | D        | Killed a sea snake
  1535 | D        | Reached ****** piety under Vehumet
  1584 | D        | Noticed a deep troll
  1585 | D        | Noticed a smoke demon
  1586 | D        | Killed a deep troll
  1586 | D        | Offered knowledge of Yara's Violent Unravelling by Vehumet.
  1587 | D        | Killed a smoke demon
  1588 | D        | Reached skill level 1 in Long Blades
  1668 | D        | Noticed a flayed ghost
  1668 | D        | Noticed a molten gargoyle
  1671 | D        | Killed a molten gargoyle
  1672 | D        | Noticed a boulder beetle
  1673 | D        | Killed a flayed ghost
  1833 | D        | Killed a boulder beetle
  2017 | D        | Noticed a deep elf zephyrmancer
  2018 | D        | Noticed Grum
  2022 | D        | Offered knowledge of Spellforged Servitor by Vehumet.
  2023 | D        | Reached XP level 11. HP: 46/59 MP: 30/38
  2023 | D        | Killed Grum
  2027 | D        | Killed a deep elf zephyrmancer
  2143 | D        | Noticed Terence
  2143 | D        | Noticed a centaur warrior
  2145 | D        | Killed a centaur warrior
  2145 | D        | Noticed a flayed ghost
  2149 | D        | Killed Terence
  2150 | D        | Killed a shadow wraith
  2150 | D        | Killed a flayed ghost
  2223 | D        | Learned a level 7 spell: Spellforged Servitor
  2466 | D        | Got A Thorough Guide to Witchery
  2476 | D        | Learned a level 8 spell: Ignition
  2549 | D        | Noticed a phantasmal warrior
  2552 | D        | Killed a phantasmal warrior
  2552 | D        | Offered knowledge of Orb of Destruction by Vehumet.
  2553 | D        | Reached skill level 1 in Fire Magic
  2580 | D        | Learned a level 7 spell: Orb of Destruction
  2775 | D        | Noticed an eidolon
  2779 | D        | Killed an eidolon
  2779 | D        | Offered knowledge of Irradiate by Vehumet.
  2843 | D        | Noticed a skeletal warrior
  2844 | D        | Noticed a skeletal warrior
  2845 | D        | Killed a skeletal warrior
  2845 | D        | Noticed a skeletal warrior
  2847 | D        | Killed a skeletal warrior
  2847 | D        | Noticed a skeletal warrior
  2848 | D        | Killed a skeletal warrior
  2848 | D        | Noticed a skeletal warrior
  2849 | D        | Reached skill level 5 in Fire Magic
  2849 | D        | Reached XP level 12. HP: 57/64 MP: 29/42
  3187 | D        | Noticed an ogre mage
  3187 | D        | Noticed a two-headed ogre
  3187 | D        | Noticed a two-headed ogre
  3187 | D        | Noticed a two-headed ogre
  3188 | D        | Offered knowledge of Iron Shot by Vehumet.
  3188 | D        | Noticed a vampire mage
  3189 | D        | Killed an ogre mage
  3189 | D        | Killed a two-headed ogre
  3189 | D        | Noticed a two-headed ogre
  3191 | D        | Killed a two-headed ogre
  3191 | D        | Killed a two-headed ogre
  3191 | D        | Noticed a two-headed ogre
  3192 | D        | Killed a two-headed ogre
  3194 | D        | Killed a two-headed ogre
  3194 | D        | Killed a vampire mage
  3196 | D        | Found the +5 robe of Misfortune {Contam Harm *Corrode Drain
                  | *Slow EV+5}
  3199 | D        | Got the Incunabulum of Companions
  3219 | D        | Learned a level 6 spell: Iron Shot
  3349 | D        | Noticed a deep elf sorcerer
  3350 | D        | Noticed a bone dragon
  3351 | D        | Offered knowledge of Lehudib's Crystal Spear by Vehumet.
  3369 | D        | Killed a bone dragon
  3371 | D        | Killed a deep elf sorcerer
  3375 | D        | Identified the +6 short sword "Ommyak" {holy, rPois rC-
                  | SInv Stlth+}
  3385 | D        | Reached XP level 13. HP: 57/68 MP: 2/45
  3391 | D        | Reached skill level 10 in Fire Magic
  3397 | D        | Killed a ghost moth
  3414 | D        | Reached skill level 27 in Spellcasting
  3480 | D        | Learned a level 8 spell: Lehudib's Crystal Spear
  3484 | D        | Learned a level 3 spell: Mephitic Cloud
  3567 | D        | Noticed an ancient lich
  3570 | D        | Killed an ancient lich
  3571 | D        | Reached skill level 1 in Conjurations
  3682 | D        | Noticed a curse toe
  3687 | D        | Killed a curse toe
  3913 | D        | Noticed an orc warlord
  3913 | D        | Noticed an orc warlord
  3914 | D        | Offered knowledge of Fire Storm by Vehumet.
  3914 | D        | Offered knowledge of Shatter by Vehumet.
  3914 | D        | Offered knowledge of Polar Vortex by Vehumet.
  3920 | D        | Reached XP level 14. HP: 72/72 MP: 39/47
  3920 | D        | Killed an orc warlord
  3921 | D        | Killed an orc warlord
  3935 | D        | Reached skill level 15 in Fire Magic
  3935 | D        | Reached skill level 27 in Earth Magic
  3963 | D        | Reached skill level 5 in Conjurations
  4118 | D        | Learned a level 9 spell: Shatter
  4588 | D        | Learned a level 9 spell: Fire Storm
  4622 | D        | Noticed a pearl dragon
  4624 | D        | Killed a pearl dragon
  4678 | D        | Noticed Margery
  4684 | D        | Killed Margery
  4965 | D        | Noticed a ghoul
  4965 | D        | Noticed a sphinx
  4965 | D        | Noticed a storm dragon
  4972 | D        | Killed a sphinx
  4973 | D        | Killed a storm dragon
  4975 | D        | Killed a ghoul
  4975 | D        | Mangled by a lorocyproca

Illustrated notes

Levels and vault maps discovered:
D:        pitsprint [storerooms_1, entrance_room_1, metal_vault_4, armoury_2,
          mini_pit_1, grid_room_1, main_hall_1, silver_pit, the_coven_3,
          the_vestibule_1, steel_vault_2, golden_pit, hallway_of_sentries,
          crystal_vault_2, iron_vault_2, final_vault]

Skill      XL: |  1  2  3  4  5  6  7  8  9 10 11 12 13 14 |
---------------+-------------------------------------------+-----
Earth Magic    | 4 8 9 11 13 15 16 18 20 22 25 27 | 27.0
Stealth        | 3 4 5 7 |  7.6
Spellcasting   | 7 9 11 14 17 19 21 24 26 27 | 27.0
Dodging        | 3 4 5 6 7 |  7.9
Fighting       | 1 2 |  2.8
Long Blades    | 1 |  1.2
Transmutations | 2 |  2.5
Fire Magic     | 5 9 14 19 | 19.6
Conjurations   | 3 9 |  9.8
Evocations     | 3 |  3.3

Action                   |  1- 3 |  4- 6 |  7- 9 | 10-12 | 13-15 || total
-------------------------+-------+-------+-------+-------+-------++-------
 Cast: Sandblast         |    23 |     3 |     3 |       |       ||    29
       Lee's Rapid Decon |       |     8 |    16 |    77 |    62 ||   163
       Petrify           |       |       |       |     2 |       ||     2
       Stone Arrow       |       |       |       |     1 |     1 ||     2
       Lehudib's Crystal |       |       |       |       |    11 ||    11
Evoke: Box of beasts     |       |       |       |     1 |       ||     1
       Lightning rod     |       |       |       |       |     3 ||     3
  Use: Potion            |     2 |       |       |     3 |     3 ||     8
       Scroll            |       |       |       |       |     2 ||     2
Armor: Robe              |     2 |     1 |       |     7 |       ||    10
Dodge: Dodged            |     8 |     3 |     5 |    13 |     8 ||    37
       Rpst.: Scimitar   |       |       |     2 |     3 |     2 ||     7

Table legend: (Time is in decaauts)
 A = Elapsed time spent in this place.
 B = Non-inter-level travel time spent in this place.
 C = Inter-level travel time spent in this place.
 D = Time resting spent in this place.
 E = Time spent auto-exploring this place.
 F = Levels seen in this place.
 G = Mean time per level.
                   A        B        C        D        E       F      G
               +--------+--------+--------+--------+--------+-----+--------+
         Total |   4939 |   4939 |      0 |   3198 |     48 |   1 | 4939.0 |
       Dungeon |   4939 |   4939 |      0 |   3198 |     48 |   1 | 4939.0 |
               +--------+--------+--------+--------+--------+-----+--------+

Top non-repeatable levels by time:
       D: 4939 daAuts
